[Event "Titled Tuesday Blitz April 12 Early 2022"]
[White "Atanejhad, Sahebali"]
[Black "Goryachkina, Aleksandra"]
[WhiteFideId "12506664"]
[BlackFideId "4147103"]
[WhiteElo "1953"]
[BlackElo "2426"]
[Result "0-1"]
[Round "04"]
[TimeControl "180+1"]
[Date "2022.04.13"]
[WhiteClock "0:00:01"]
[BlackClock "0:00:11"]

1. d4 d5 2. c4 dxc4 3. Nf3 Nf6 4. e3 e6 5. Bxc4 c5 6. O-O a6 7. dxc5 Qxd1 8. Rxd1 Bxc5 9. b3 O-O 10. Bb2 b5 11. Be2 Bb7 12. Ne5 Rc8 13. Nd2 Nbd7 14. Nxd7 Nxd7 15. Bf3 Bxf3 16. Nxf3 Nf6 17. Rac1 Nd5 18. Kf1 Bxe3 19. fxe3 Nxe3+ 20. Ke2 Nxd1 21. Kxd1 Rxc1+ 22. Kxc1 f6 23. Nd4 e5 24. Nf5 Kf7 25. Kd2 g6 26. Nd6+ Ke6 27. Ne4 f5 28. Ng5+ Kd5 29. h3 Ra7 30. Nf3 Re7 31. Ba3 Rd7 32. Ke2 e4 33. Nd2 f4 34. Nb1 Rc7 35. Kd2 Ke5 36. Bb2+ Kf5 37. Nc3 g5 38. Ne2 Rd7+ 39. Ke1 e3 40. Nd4+ Ke4 41. Ne6 Rd5 42. Bf6 h6 43. Bg7 h5 44. Bh6 g4 45. hxg4 hxg4 46. Nxf4 Rd2 47. Ne2 Kd3 48. Nf4+ Kc2 49. Nd5 Kd3 50. Nxe3 Re2+ 51. Kf1 Rxe3 52. Bxe3 Kxe3 53. Ke1 g3 54. Kf1 b4 55. Ke1 a5 56. Kf1 Kd2 57. Kg1 Ke2 58. Kh1 Kf2 59. a4 bxa3 60. b4 a2 0-1


[Site "https://www.chess.com"]

[Event "Titled Tuesday Blitz April 12 Early 2022"]
[White "Avalos Parra, Joao"]
[Black "Barp, Alberto"]
[WhiteFideId "3402541"]
[BlackFideId "872555"]
[WhiteElo "2173"]
[BlackElo "2229"]
[Result "0-1"]
[Round "04"]
[TimeControl "180+1"]
[Date "2022.04.13"]
[WhiteClock "0:00:04"]
[BlackClock "0:00:09"]

1. d4 Nf6 2. c4 g6 3. Nc3 d5 4. Nf3 Bg7 5. Qb3 dxc4 6. Qxc4 a6 7. e4 b5 8. Qb3 c5 9. dxc5 Nbd7 10. Be3 Ng4 11. c6 Nb8 12. Nd5 Nxc6 13. Bb6 Qd6 14. Nc7+ Kf8 15. Rd1 Nd4 16. Nxd4 Qxb6 17. Nxa8 Qa7 18. Qd5 Bf6 19. Be2 Bb7 20. Qd7 Ne5 21. Qc7 Qxa8 22. O-O Kg7 23. Nf3 Rc8 24. Qb6 Bxe4 25. Nxe5 Bxe5 26. f3 Bf5 27. Qe3 Bf6 28. Kh1 Be6 29. Bd3 Bxb2 30. Be4 Qb8 31. Rf2 Bf6 32. Rfd2 Qe5 33. Qd3 h5 34. Qf1 Qf4 35. Qf2 h4 36. g3 hxg3 37. Qxg3 Qe3 38. Rg2 Rc5 39. Bxg6 Rg5 40. Qxg5 Bxg5 41. Be4 Kf6 42. Rdg1 Bf4 43. Rc2 Bf5 44. Bxf5 Qxf3+ 45. Rcg2 Kxf5 46. a4 e5 47. Rd1 Qxd1+ 48. Rg1 Qf3+ 49. Rg2 Be3 50. h3 e4 51. h4 bxa4 52. h5 Qxg2+ 53. Kxg2 Bh6 0-1


[Site "https://www.chess.com"]

[Event "Titled Tuesday Blitz April 12 Early 2022"]
[White "Avazkhonov, Alikhon"]
[Black "Kouskoutis, Georgios-Alexandros"]
[WhiteFideId "14208504"]
[BlackFideId "4234049"]
[WhiteElo "1739"]
[BlackElo "2130"]
[Result "1-0"]
[Round "04"]
[TimeControl "180+1"]
[Date "2022.04.13"]
[WhiteClock "0:00:02"]
[BlackClock "0:00:02"]

1. f4 Nf6 2. Nf3 g6 3. g3 Bg7 4. Bg2 O-O 5. O-O c5 6. d3 Nc6 7. e4 d6 8. Nc3 Bg4 9. h3 Bxf3 10. Qxf3 Rb8 11. g4 Nd4 12. Qf2 b5 13. g5 Nd7 14. f5 Be5 15. Nd5 e6 16. Ne3 b4 17. f6 h5 18. Nc4 Bg3 19. Qd2 Nb6 20. c3 bxc3 21. bxc3 Nxc4 22. dxc4 Nc6 23. Qe2 Ne5 24. Bf4 Bxf4 25. Rxf4 Kh7 26. Rd1 Rh8 27. Bf1 Qc7 28. Qd2 Rb6 29. Be2 Kg8 30. Rc1 Kf8 31. Qd1 Ke8 32. Rc2 Kd7 33. Qc1 Kc8 34. h4 Kb8 35. Rb2 Ka8 36. Rf1 Rhb8 37. Rxb6 Rxb6 38. Qc2 Qb7 39. Qa4 Qc6 40. Qa5 Qxe4 41. Bd1 Qe3+ 42. Kh1 Qh3+ 43. Kg1 Qg3+ 44. Kh1 Qxh4+ 45. Kg2 Qxg5+ 46. Kh2 Qd2+ 47. Kg1 Qe3+ 48. Kh1 Qe4+ 49. Kg1 Qe3+ 50. Kh1 Nxc4 51. Qa4 Qe4+ 52. Kg1 Qe3+ 53. Kh1 d5 54. Qe8+ Rb8 55. Qc6+ Rb7 56. Qc8+ Rb8 57. Qc6+ Rb7 58. Ba4 Nb6 59. Qe8+ 1-0


[Site "https://www.chess.com"]

[Event "Titled Tuesday Blitz April 12 Early 2022"]
[White "Avramidou, Anastasia"]
[Black "Kakulidis, Ellen"]
[WhiteFideId "4239873"]
[BlackFideId "1444972"]
[WhiteElo "2183"]
[BlackElo "1852"]
[Result "1-0"]
[Round "04"]
[TimeControl "180+1"]
[Date "2022.04.13"]
[WhiteClock "0:00:39"]
[BlackClock "0:00:02"]

1. c4 e6 2. Nc3 d5 3. cxd5 exd5 4. d4 Be7 5. Bf4 Nf6 6. e3 c6 7. Bd3 Bd6 8. Bg5 Nbd7 9. Qc2 O-O 10. Bxh7+ Kh8 11. Bf5 Qa5 12. Ne2 g6 13. Bd3 Kg7 14. h4 c5 15. dxc5 Nxc5 16. O-O Nxd3 17. Qxd3 Bf5 18. Qd4 Be7 19. Ng3 Be6 20. e4 Qd8 21. exd5 Rc8 22. Rad1 Bg4 23. Bxf6+ Bxf6 24. Qxg4 Qb6 25. Nge4 Qxb2 26. Nxf6 Qxc3 27. Ne4 Qb2 28. Ng3 Rc2 29. d6 1-0


[Site "https://www.chess.com"]

[Event "Titled Tuesday Blitz April 12 Early 2022"]
[White "Bach, Ngoc Thuy Duong"]
[Black "Csonka, Balazs"]
[WhiteFideId "12408956"]
[BlackFideId "742910"]
[WhiteElo "1862"]
[BlackElo "2404"]
[Result "0-1"]
[Round "04"]
[TimeControl "180+1"]
[Date "2022.04.13"]
[WhiteClock "0:00:28"]
[BlackClock "0:01:30"]

1. d4 Nf6 2. c4 e6 3. Nc3 d5 4. cxd5 Nxd5 5. Bg5 Qxg5 6. e4 Nxc3 7. bxc3 Qa5 8. Qd2 c5 9. d5 exd5 10. exd5 Bd6 11. Nf3 O-O 12. Be2 Nd7 13. O-O Nf6 14. Qd3 Bg4 15. Rfe1 Rfe8 16. h3 Bh5 17. c4 Bg6 18. Qb3 Qb4 19. Qd1 b6 20. Nh4 Be4 21. Qc1 Be5 22. a3 Qc3 23. Bf3 Bxf3 24. Nxf3 Qxa1 25. Qg5 Bh2+ 26. Kxh2 Rxe1 0-1


[Site "https://www.chess.com"]

[Event "Titled Tuesday Blitz April 12 Early 2022"]
[White "Baches Garcia, Guillermo"]
[Black "Sanchez, Robert"]
[WhiteFideId "2209764"]
[BlackFideId "2034360"]
[WhiteElo "2489"]
[BlackElo "2358"]
[Result "0-1"]
[Round "04"]
[TimeControl "180+1"]
[Date "2022.04.13"]
[WhiteClock "0:00:11"]
[BlackClock "0:00:21"]

1. e4 e6 2. Nf3 c5 3. c4 Nc6 4. Nc3 d6 5. d4 cxd4 6. Nxd4 Nf6 7. Be2 Be7 8. O-O O-O 9. Be3 Bd7 10. Qd2 Ne5 11. f3 Rc8 12. b3 a6 13. Rac1 Re8 14. Rfd1 Bf8 15. Bf1 Qc7 16. Qf2 Qb8 17. h3 d5 18. f4 Ng6 19. e5 Ne4 20. Nxe4 dxe4 21. Ne2 Bc6 22. Ba7 Qa8 23. Bb6 a5 24. Nc3 Ba3 25. Rc2 Bb4 26. Qe3 Ne7 27. Nxe4 Nf5 28. Qe2 Qa6 29. Bf2 Rcd8 30. Rcc1 Ba3 31. Rb1 h5 32. g4 hxg4 33. hxg4 Bxe4 34. Qxe4 Ne7 35. c5 Qa8 36. Bd3 g6 37. Kg2 Nd5 38. Rh1 b5 39. Kg3 Nc3 40. Qxa8 Rxa8 41. Rbe1 Rad8 42. Be4 Nxe4+ 43. Rxe4 Rd5 44. c6 Rc8 45. Re3 Rxc6 46. Kg2 Rc2 47. Reh3 Kf8 48. Rh8+ Ke7 49. Ra8 Bc5 50. Rhh8 Rxf2+ 51. Kg3 Rd3+ 52. Kh4 Rh2+ 0-1


[Site "https://www.chess.com"]

[Event "Titled Tuesday Blitz April 12 Early 2022"]
[White "Barria Zuniga, Daniel"]
[Black "Bowden, Karl"]
[WhiteFideId "3400816"]
[BlackFideId "400548"]
[WhiteElo "2414"]
[BlackElo "2354"]
[Result "1-0"]
[Round "04"]
[TimeControl "180+1"]
[Date "2022.04.13"]
[WhiteClock "0:00:21"]
[BlackClock "0:00:09"]

1. d4 Nf6 2. c4 c5 3. d5 Ne4 4. Nd2 Qa5 5. f3 Nd6 6. e4 g6 7. Bd3 Bg7 8. Ne2 O-O 9. O-O e5 10. Kh1 b5 11. cxb5 Nxb5 12. Nc4 Qc7 13. f4 d6 14. fxe5 dxe5 15. Be3 Nd4 16. Rc1 Bg4 17. h3 Bxe2 18. Bxe2 Nd7 19. b3 Qd8 20. Bd3 Nb6 21. Qd2 Nc8 22. Nb2 Qe7 23. Na4 Nd6 24. Nxc5 Rac8 25. b4 f5 26. a3 f4 27. Bxd4 exd4 28. Ne6 Be5 29. Nxf8 Rxf8 30. Qe2 Qh4 31. Qg4 Qh6 32. Qe6+ Nf7 33. b5 f3 34. gxf3 Qd2 35. f4 Qxd3 36. fxe5 Qxe4+ 37. Kg1 Qe3+ 38. Kg2 Qe4+ 39. Rf3 Kg7 40. Rc7 Qe2+ 41. Rf2 Qe4+ 42. Kh2 Kh6 43. Rcxf7 Rxf7 44. Qxf7 Qxe5+ 45. Qf4+ 1-0


[Site "https://www.chess.com"]

[Event "Titled Tuesday Blitz April 12 Early 2022"]
[White "Beerdsen, Thomas"]
[Black "Myshakov, Fyodor"]
[WhiteFideId "1030108"]
[BlackFideId "14111284"]
[WhiteElo "2585"]
[BlackElo "2310"]
[Result "1-0"]
[Round "04"]
[TimeControl "180+1"]
[Date "2022.04.13"]
[WhiteClock "0:01:25"]
[BlackClock "0:00:05"]

1. g4 d6 2. Bg2 c5 3. d4 cxd4 4. Nf3 Nc6 5. Nxd4 Nxd4 6. Qxd4 h6 7. Nc3 Nf6 8. g5 hxg5 9. Bxg5 Qa5 10. Bd2 g6 11. Nd5 Qd8 12. Nxf6+ exf6 13. Bc3 Bg7 14. O-O-O O-O 15. h4 Be6 16. h5 Qb6 17. Qd2 Rfc8 18. hxg6 fxg6 19. Bd5 Re8 20. Rdg1 g5 21. f4 Qb5 22. Bxe6+ Rxe6 23. fxg5 f5 24. Bxg7 Kxg7 25. g6 Qxe2 26. Qh6+ Kf6 27. g7+ Kf7 28. g8=Q+ Rxg8 29. Qh7+ Kf6 30. Rh6+ Ke5 31. Rxe6+ Kxe6 32. Qxg8+ Kd7 33. Qf7+ Kc6 34. Kb1 Qe3 35. Rc1 f4 36. Qc4+ Kd7 37. Rf1 Kd8 38. Qxf4 Qe2 39. Qxd6+ 1-0


[Site "https://www.chess.com"]

[Event "Titled Tuesday Blitz April 12 Early 2022"]
[White "Bluebaum, Matthias"]
[Black "Wagh Suyog"]
[WhiteFideId "24651516"]
[BlackFideId "25071688"]
[WhiteElo "2550"]
[BlackElo "2181"]
[Result "1/2-1/2"]
[Round "04"]
[TimeControl "180+1"]
[Date "2022.04.12"]
[WhiteClock "0:00:06"]
[BlackClock "0:00:06"]

1. b3 Nf6 2. Bb2 d5 3. Nf3 Bf5 4. d3 e6 5. g3 h6 6. Bg2 Nbd7 7. O-O c6 8. Nbd2 Be7 9. Re1 O-O 10. e4 Bh7 11. Qe2 a5 12. a3 Nc5 13. Nd4 Re8 14. Rad1 Qb6 15. Ba1 Na6 16. Nb1 Bc5 17. Nf3 dxe4 18. Ne5 exd3 19. Nxd3 Be7 20. Nd2 Nd5 21. Nc4 Qd8 22. Nde5 Bf6 23. Ne3 Bxe5 24. Bxe5 Qg5 25. f4 Qg6 26. Rd2 Rad8 27. Red1 f6 28. Bb2 Nxe3 29. Qxe3 Rxd2 30. Rxd2 Qf7 31. Qb6 a4 32. b4 e5 33. fxe5 fxe5 34. Qe3 e4 35. Qd4 Nc7 36. Rf2 Qe7 37. Bf1 Nb5 38. Bc4+ Kh8 39. Qe3 Nd6 40. Be2 Nf5 41. Qf4 e3 42. Rf3 Bg6 43. h4 Bh7 44. Kh2 Rd8 45. Bc3 Re8 46. Qg4 Nd6 47. Rxe3 Ne4 48. Bd3 Nxc3 49. Rxe7 Rxe7 50. Qc8+ Bg8 51. Bc4 Nd5 52. Bxd5 cxd5 53. g4 Re4 54. b5 Rc4 55. Qxb7 Rxc2+ 56. Kg3 d4 57. Qd7 Rc3+ 58. Kf4 d3 59. b6 Rb3 60. b7 d2 61. Qxd2 Rxb7 62. Qd4 Rc7 63. Kg3 Rc4 64. Qe5 Rc6 65. h5 Ra6 66. Qd4 Ra8 67. g5 Ra6 68. g6 Ra8 69. Kf4 Bb3 70. Qc5 Rg8 71. Ke3 Re8+ 72. Kd4 Rg8 73. Qe7 Rc8 74. Qd7 Rg8 75. Kc5 Rb8 76. Qc7 Rg8 77. Qe7 Rc8+ 78. Kb6 Rg8 79. Kb7 Ba2 80. Qd7 Bb3 81. Qc6 Bd1 82. Qd5 Bb3 83. Qd7 Rf8 84. Kb6 Rg8 85. Kc5 Rf8 86. Qe7 Rg8 87. Kb6 Rb8+ 88. Ka7 Rg8 89. Kb7 Bd5+ 90. Kc7 Bb3 91. Qe4 Rf8 92. Qd4 Rg8 93. Qc3 Rf8 94. Qe5 Rg8 95. Kb6 Rf8 96. Qe7 Rg8 97. Kc7 Bc2 98. Qe2 Bb3 99. Qg4 Rf8 100. Qd4 Rg8 101. Qb4 Bd1 102. Qc5 Bb3 103. Kd7 Ra8 104. Qc6 Rg8 105. Ke7 Rb8 106. Qc7 Rg8 107. Qb7 Bd1 108. Qd5 Bb3 109. Qd7 Bc2 110. Qc6 Bd1 111. Qb5 Bb3 112. Qe2 Rb8 113. Kd6 Rd8+ 114. Kc7 Rg8 115. Qe7 Bc2 116. Qe5 Bb3 117. Qf4 Bc2 118. Kb6 1/2-1/2


[Site "https://www.chess.com"]

[Event "Titled Tuesday Blitz April 12 Early 2022"]
[White "Bongo Akanga Ndjila, Barthelemy"]
[Black "Lamaze, Simon"]
[WhiteFideId "10609431"]
[BlackFideId "36069264"]
[WhiteElo "1768"]
[BlackElo "1999"]
[Result "0-1"]
[Round "04"]
[TimeControl "180+1"]
[Date "2022.04.13"]
[WhiteClock "0:01:10"]
[BlackClock "0:02:20"]

1. d4 Nf6 2. c4 e6 3. Nc3 Bb4 4. a3 Bxc3+ 5. bxc3 c5 6. f3 Nc6 7. e4 d6 8. Ne2 O-O 9. d5 Na5 10. Ng3 Nd7 11. Bd3 Ne5 12. Qe2 Nxd3+ 13. Qxd3 e5 14. O-O b6 15. Nf5 Bxf5 16. exf5 f6 17. g4 Qd7 18. a4 Qb7 19. Rb1 Qa6 20. Rb5 Nb7 21. Qc2 Na5 22. Qd3 Rae8 23. Re1 Qc8 24. Re4 Kf7 25. h4 g6 26. fxg6+ hxg6 27. Kg2 f5 28. Re2 f4 29. Bd2 Rh8 30. Be1 Rh6 31. Re4 Reh8 32. g5 Rxh4 33. Bxh4 Rxh4 34. Kf2 Rh2+ 35. Ke1 Qh3 36. Re2 Qg3+ 37. Kd2 Rxe2+ 38. Qxe2 Qg1 39. Rb1 Qxb1 0-1


[Site "https://www.chess.com"]

[Event "Titled Tuesday Blitz April 12 Early 2022"]
[White "Bortnyk, Olexandr"]
[Black "Oganian, Miran"]
[WhiteFideId "14120828"]
[BlackFideId "4122488"]
[WhiteElo "2723"]
[BlackElo "2357"]
[Result "1/2-1/2"]
[Round "04"]
[TimeControl "180+1"]
[Date "2022.04.12"]
[WhiteClock "0:00:07"]
[BlackClock "0:00:07"]

1. d4 d5 2. Nc3 e6 3. Bf4 Nf6 4. Nb5 Na6 5. e3 Be7 6. Nf3 c6 7. Nc3 Nh5 8. Bxa6 bxa6 9. Bg3 Nxg3 10. hxg3 Rb8 11. Rb1 c5 12. Ne5 Qc7 13. f4 cxd4 14. Qxd4 O-O 15. Qd3 g6 16. O-O Bf6 17. Nf3 Bd7 18. Rfd1 Rb6 19. e4 Bxc3 20. bxc3 Rxb1 21. Rxb1 Bb5 22. Qd4 dxe4 23. Ng5 Rd8 24. Qf6 Rd7 25. Nxe4 Qd8 26. Qe5 Rd1+ 27. Rxd1 Qxd1+ 28. Kh2 Qxc2 29. Nf6+ Kf8 30. Nxh7+ Kg8 31. Nf6+ Kf8 32. Ne4 Bf1 33. Qc5+ Kg8 34. Nf2 Qxa2 35. g4 Qd2 36. Kg1 Bb5 37. Qe5 Qc1+ 38. Kh2 Qd2 39. Ne4 Qe2 40. g5 Qh5+ 41. Kg3 Qd1 42. Nf6+ Kg7 43. Ng4+ Kg8 44. Nh6+ Kf8 45. Qh8+ Ke7 46. Qf6+ Ke8 47. Qxf7+ Kd8 48. Qxe6 Qd3+ 49. Kh2 Qxc3 50. Nf7+ Kc7 51. Qd6+ Kc8 52. Qxg6 Bc6 53. Ne5 Bb7 54. Qe8+ Kc7 55. Qf7+ Kb6 56. Qf6+ Kc5 57. g6 Qd2 58. Qg5 Kb4 59. g7 Bd5 60. g8=Q Bxg8 61. Qxg8 Qxf4+ 62. Qg3 Qh6+ 63. Kg1 Qc1+ 64. Kf2 Qd2+ 65. Kf3 Qc3+ 66. Kf4 Qxg3+ 67. Kxg3 Kc3 68. Nc6 Kc4 69. Kf4 Kb5 70. Nxa7+ Kb6 71. g4 a5 72. g5 a4 73. Nc8+ Kc5 74. g6 a3 75. g7 a2 76. g8=Q a1=Q 77. Qf8+ Kc6 78. Qd6+ Kb7 79. Qd7+ Kb8 80. Nd6 Qf1+ 81. Ke5 Qe2+ 82. Kf6 Qf3+ 83. Ke7 Qe3+ 84. Kf8 Qh6+ 85. Kg8 Qg6+ 86. Kf8 Qh6+ 87. Kg8 Qg6+ 88. Kh8 Qh6+ 89. Qh7 Qxh7+ 90. Kxh7 1/2-1/2


[Site "https://www.chess.com"]

[Event "Titled Tuesday Blitz April 12 Early 2022"]
[White "Bryakin, Mikhail"]
[Black "Dilanyan, Grigor"]
[WhiteFideId "4165314"]
[BlackFideId "13303570"]
[WhiteElo "2417"]
[BlackElo "2279"]
[Result "0-1"]
[Round "04"]
[TimeControl "180+1"]
[Date "2022.04.12"]
[WhiteClock "0:00:15"]
[BlackClock "0:00:06"]

1. e4 c6 2. d4 d5 3. f3 dxe4 4. fxe4 e5 5. Nf3 Be6 6. Nc3 Nd7 7. d5 Bg4 8. h3 Bh5 9. Be3 Bb4 10. dxc6 bxc6 11. Bc4 Ngf6 12. O-O O-O 13. Bd3 Qa5 14. Ne2 Bc5 15. Qc1 Qb6 16. Bxc5 Nxc5 17. Kh2 Rfe8 18. Ng3 Bg6 19. Nh4 Rab8 20. Nxg6 hxg6 21. b3 Ne6 22. Bc4 Nf4 23. a4 Red8 24. Qe1 Rd7 25. Rd1 Rbd8 26. Rxd7 Rxd7 27. Qc3 Qd4 28. Qxd4 Rxd4 29. Rf2 Nxe4 30. Nxe4 Rxe4 31. g3 Nd5 32. Rd2 Kf8 33. Bxd5 cxd5 34. Rxd5 Re2+ 35. Kg1 Rxc2 36. Ra5 Rc3 37. b4 Rxg3+ 38. Kh2 Ra3 39. Rxa7 e4 40. b5 Rb3 41. Rb7 f5 42. a5 f4 43. a6 Rb2+ 44. Kg1 Rb1+ 45. Kh2 Rb2+ 46. Kg1 Rb1+ 47. Kf2 Rb2+ 48. Ke1 Rb1+ 49. Ke2 f3+ 50. Ke3 Re1+ 51. Kd4 f2 52. a7 Ra1 53. Rb8+ Kf7 54. a8=Q Rxa8 55. Rxa8 f1=Q 56. Kc5 Qc1+ 57. Kb6 e3 58. Ra7+ Ke6 59. Ra8 Kd7 60. Ra7+ Kd6 61. Ra6 Qc7# 0-1


[Site "https://www.chess.com"]

[Event "Titled Tuesday Blitz April 12 Early 2022"]
[White "Bures, Vit"]
[Black "Sovetbekova, Nurai"]
[WhiteFideId "309052"]
[BlackFideId "13801910"]
[WhiteElo "2079"]
[BlackElo "1538"]
[Result "1/2-1/2"]
[Round "04"]
[TimeControl "180+1"]
[Date "2022.04.13"]
[WhiteClock "0:00:02"]
[BlackClock "0:00:05"]

1. d4 Nf6 2. c4 g6 3. Nc3 d5 4. cxd5 Nxd5 5. e4 Nxc3 6. bxc3 Bg7 7. Nf3 c5 8. Be3 Qa5 9. Qd2 Nc6 10. Rb1 cxd4 11. cxd4 Qxd2+ 12. Kxd2 O-O 13. Bd3 Rd8 14. d5 Na5 15. Ke2 f5 16. Rhc1 fxe4 17. Bxe4 Bf5 18. Bxf5 gxf5 19. Rc7 Rxd5 20. Rxe7 Rad8 21. Bxa7 Bf8 22. Rc7 Bd6 23. Rcc1 Bf4 24. Re1 Nc4 25. Rxb7 Nd2 26. Nxd2 Rxd2+ 27. Kf1 R8d7 28. Rxd7 Rxd7 29. Bc5 Rc7 30. Be3 Bd6 31. a4 Rc4 32. a5 Ra4 33. Bb6 Bb4 34. Re5 Ra1+ 35. Ke2 Re1+ 36. Kf3 Rxe5 37. a6 Re8 38. a7 Ra8 39. Kf4 Bd6+ 40. Kxf5 Bxh2 41. g3 Kf7 42. Kg4 Bg1 43. Kf3 Ke6 44. Kg2 Bxf2 45. Kxf2 Kd6 46. Kf3 Kc6 47. Be3 Kb7 48. g4 Rf8+ 49. Kg3 Rg8 50. Kh4 Re8 51. Bf2 Re2 52. Kg3 Rd2 53. Kf3 Rd3+ 54. Be3 Rd1 55. Kf4 Rf1+ 56. Kg5 Rf3 57. Bd4 Rd3 58. Bf2 Rd2 59. Bc5 Rc2 60. Be3 Rc3 61. Bf2 Rc2 62. Be3 Re2 63. Bd4 Rh2 64. Be3 Rh3 65. Bd4 Rd3 66. Bf2 Rd5+ 67. Kh6 Rd2 68. Be3 Rh2+ 69. Kg5 Rh3 70. Bd4 Rd3 1/2-1/2


[Site "https://www.chess.com"]

[Event "Titled Tuesday Blitz April 12 Early 2022"]
[White "Butti, Enrique"]
[Black "Garv Gaur"]
[WhiteFideId "3700470"]
[BlackFideId "45030839"]
[WhiteElo "2080"]
[BlackElo "1950"]
[Result "0-1"]
[Round "04"]
[TimeControl "180+1"]
[Date "2022.04.13"]
[WhiteClock "0:00:01"]
[BlackClock "0:00:03"]

1. d4 d5 2. c4 e6 3. Nf3 Nf6 4. e3 Be7 5. Nc3 O-O 6. b3 b6 7. Bb2 Bb7 8. Bd3 c5 9. O-O Nc6 10. Qe2 cxd4 11. exd4 Rc8 12. Rad1 Qc7 13. cxd5 exd5 14. Ne5 Bd6 15. Nb5 Qb8 16. f4 Rfe8 17. Nxd6 Qxd6 18. f5 Re7 19. g4 Ne4 20. Bxe4 dxe4 21. g5 Rxe5 22. dxe5 Qc5+ 23. Kg2 Nxe5 24. Rc1 Qd5 25. Rxc8+ Bxc8 26. Bxe5 Qxe5 27. Qe3 g6 28. f6 h6 29. gxh6 Kh7 30. Qf4 Qd5 31. Kg3 Be6 32. Rc1 Qd3+ 33. Kf2 Qd4+ 34. Qe3 Qe5 35. Qg3 Qxf6+ 36. Ke3 Qf5 37. Rc7 Qd5 38. Qf4 Qd3+ 39. Kf2 e3+ 40. Qxe3 Qf5+ 41. Qf3 Qe5 42. Rxf7+ Bxf7 43. Qxf7+ Kxh6 44. Qxa7 Qf5+ 45. Kg2 Qc2+ 46. Kg3 Qd3+ 47. Kg2 Qe2+ 48. Kg3 Qe3+ 49. Kg2 Kg5 50. Qb7 Kh4 51. Qf3 Qe6 52. Qg3+ Kh5 53. Qf3+ Kh6 54. Qf4+ g5 0-1


[Site "https://www.chess.com"]

[Event "Titled Tuesday Blitz April 12 Early 2022"]
[White "Cagara, Paulina"]
[Black "Dwilewicz, Katarzyna"]
[WhiteFideId "1124870"]
[BlackFideId "1148486"]
[WhiteElo "1780"]
[BlackElo "1907"]
[Result "0-1"]
[Round "04"]
[TimeControl "180+1"]
[Date "2022.04.13"]
[WhiteClock "0:00:43"]
[BlackClock "0:00:28"]

1. e4 c5 2. Nc3 d6 3. g3 g6 4. Bg2 Bg7 5. Nge2 Nc6 6. O-O e6 7. d3 Nge7 8. f4 O-O 9. h3 Rb8 10. g4 f5 11. exf5 gxf5 12. g5 Nd4 13. Nxd4 Bxd4+ 14. Kh1 b5 15. Ne2 Bg7 16. Ng3 b4 17. Nh5 Bh8 18. Qe1 Bb7 19. Qxe6+ Rf7 20. Bd2 Bc8 21. Qe2 Bxb2 22. Rae1 Bd4 23. Rf3 Bb7 24. Rg3 Bxg2+ 25. Rxg2 Ng6 26. Qe6 Qd7 27. Qd5 Qb7 28. Qc4 Nh4 29. Re2 d5 30. Qb3 Nxg2 31. Rxg2 Qc6 32. Qb1 Re8 33. Qf1 Kh8 34. Kh2 a5 35. Qf3 a4 36. h4 c4 37. dxc4 Qxc4 38. g6 hxg6 39. Be1 Rxe1 40. Qg3 Qf1 41. Qxg6 Qh1+ 42. Kg3 Re3+ 43. Kf2 Qe1# 0-1


[Site "https://www.chess.com"]

[Event "Titled Tuesday Blitz April 12 Early 2022"]
[White "Calin, Alexandru"]
[Black "Mohammadian, Mohammad"]
[WhiteFideId "1222961"]
[BlackFideId "12566055"]
[WhiteElo "2020"]
[BlackElo "1544"]
[Result "1-0"]
[Round "04"]
[TimeControl "180+1"]
[Date "2022.04.13"]
[WhiteClock "0:01:25"]
[BlackClock "0:00:01"]

1. d4 Nf6 2. Bg5 e6 3. e4 Be7 4. e5 Nd5 5. Bxe7 Qxe7 6. c4 Nf4 7. Qd2 Ng6 8. Nf3 b6 9. h4 h5 10. Bd3 Bb7 11. Bxg6 fxg6 12. Qe3 O-O 13. Nbd2 Qb4 14. Qc3 Qxc3 15. bxc3 Bxf3 16. Nxf3 c6 17. Rh3 Na6 18. Rg3 Kh7 19. Ke2 Nc7 20. Ng5+ Kh6 21. Ke3 Rf5 22. a4 Raf8 23. f3 a5 24. Rb1 Na8 25. Ne4 g5 26. hxg5+ Kg6 27. Rh3 Rb8 28. f4 Rbf8 29. g3 Rb8 30. Nd6 Rff8 31. Rbh1 Rh8 32. g4 Nc7 33. gxh5+ Kh7 34. g6+ Kg8 35. Nf7 b5 36. Nxh8 Kxh8 37. Rb1 b4 38. h6 gxh6 39. Rxh6+ Kg7 40. Rh7+ Kxg6 41. Rxd7 Na6 42. Rg1+ Kh6 43. Rgg7 Rh8 44. Rg1 Rb8 45. cxb4 axb4 46. Rd6 b3 47. Rxc6 b2 48. Rxa6 b1=Q 49. Rxb1 1-0


[Site "https://www.chess.com"]

[Event "Titled Tuesday Blitz April 12 Early 2022"]
[White "Caputcuoglu, Zeki Berke"]
[Black "Taichman, Ori"]
[WhiteFideId "34548610"]
[BlackFideId "2804069"]
[WhiteElo "1368"]
[BlackElo "2227"]
[Result "1-0"]
[Round "04"]
[TimeControl "180+1"]
[Date "2022.04.13"]
[WhiteClock "0:00:26"]
[BlackClock "0:01:02"]

1. e4 c5 2. Nf3 Nc6 3. d4 cxd4 4. Nxd4 d5 5. Bb5 dxe4 6. Nxc6 Qxd1+ 7. Kxd1 Bd7 8. Nd4 O-O-O 9. Ke2 e5 10. Bxd7+ Rxd7 11. Nb5 a6 12. N5c3 f5 13. a4 Bb4 14. Rd1 Rc7 15. Bd2 Nf6 16. Nxe4 Nxe4 17. Bxb4 Rxc2+ 18. Nd2 Rxb2 19. Rab1 Rxb1 20. Rxb1 Nxd2 21. Bxd2 Rd8 22. Bc3 Rd5 23. Rd1 Rc5 24. Rc1 Kd7 25. Bb2 Ra5 26. Rc4 b5 27. axb5 Rxb5 28. Bc3 Kd6 29. Ra4 Rb6 30. Ra5 e4 31. Bxg7 Rc6 32. Rxf5 Rc2+ 33. Ke3 Ra2 34. Kxe4 a5 35. Bd4 a4 36. Ra5 Kc6 37. g3 Re2+ 38. Be3 Ra2 39. h4 a3 40. Bc5 Rc2 41. Bxa3 Rxf2 42. Bc1 Kd6 43. Bf4+ Ke6 44. Rh5 Re2+ 45. Kf3 Ra2 46. Rxh7 Kf5 47. g4+ Kg6 48. Rh6+ Kg7 49. Rb6 Ra3+ 50. Be3 Kh7 51. h5 Kg7 52. g5 Kh7 53. Re6 Kg7 54. Kg4 Ra4+ 55. Bf4 Kf7 56. Rf6+ Kg7 57. h6+ Kh7 58. Kh5 Ra8 59. g6+ Kg8 60. h7+ Kh8 61. Be5 Ra5 62. Rf8# 1-0


[Site "https://www.chess.com"]

[Event "Titled Tuesday Blitz April 12 Early 2022"]
[White "Caruana, Fabiano"]
[Black "Bekturov, Tamerlan"]
[WhiteFideId "2020009"]
[BlackFideId "13710184"]
[WhiteElo "2744"]
[BlackElo "2151"]
[Result "1-0"]
[Round "04"]
[TimeControl "180+1"]
[Date "2022.04.12"]
[WhiteClock "0:00:11"]
[BlackClock "0:00:02"]

1. c4 Nf6 2. Nc3 e6 3. e4 d5 4. cxd5 exd5 5. e5 Ne4 6. Nf3 Nxc3 7. bxc3 c5 8. d4 Nc6 9. Bd3 c4 10. Bc2 Be7 11. O-O O-O 12. Ne1 Be6 13. f4 f5 14. exf6 Bxf6 15. Nf3 b5 16. f5 Bf7 17. g4 h6 18. Bf4 b4 19. Ba4 Rc8 20. Bxc6 Rxc6 21. cxb4 Qb6 22. a3 c3 23. Ne5 c2 24. Qd2 Rc4 25. Nxc4 Qxd4+ 26. Qxd4 Bxd4+ 27. Ne3 g5 28. fxg6 Bxg6 29. Bxh6 Re8 30. Kf2 Bxa1 31. Rxa1 d4 32. Nd5 Re5 33. Nf4 Bh7 34. Nh5 d3 35. Nf6+ Kh8 36. Be3 Bg6 37. h4 Kg7 38. g5 Kf7 39. h5 Bf5 40. Kf3 Re6 41. Kf4 Kf8 42. a4 a6 43. b5 a5 44. Rc1 Bh7 45. Bd2 Kg7 46. Bxa5 Kf7 47. Bc3 Be4 48. g6+ Kf8 49. Nxe4 Rd6 50. Nxd6 d2 51. Bxd2 Kg8 52. Nf5 1-0


[Site "https://www.chess.com"]

[Event "Titled Tuesday Blitz April 12 Early 2022"]
[White "Chernomordik, Pavel"]
[Black "Mekhitarian, Krikor Sevag"]
[WhiteFideId "2804530"]
[BlackFideId "2107660"]
[WhiteElo "2220"]
[BlackElo "2598"]
[Result "0-1"]
[Round "04"]
[TimeControl "180+1"]
[Date "2022.04.13"]
[WhiteClock "0:00:27"]
[BlackClock "0:01:16"]

1. e4 c5 2. Nc3 e6 3. f4 d5 4. Nf3 Nc6 5. Bb5 Ne7 6. exd5 Nxd5 7. O-O Be7 8. Ne5 Bd7 9. Nxd5 exd5 10. Nxd7 Qxd7 11. f5 O-O-O 12. Qg4 Bd6 13. d3 Qc7 14. Bf4 Bxf4 15. Qxf4 Qxf4 16. Rxf4 Nd4 17. Rxd4 cxd4 18. c3 dxc3 19. bxc3 Kc7 20. d4 Kd6 21. Kf2 Rc8 22. Rc1 Rc7 23. Ke3 Rhc8 24. Kd2 Re7 25. Bd3 f6 26. Rb1 Rc6 27. a4 Rb6 28. Rb4 Rxb4 29. cxb4 g6 30. fxg6 hxg6 31. h4 f5 32. g3 Ke6 33. Ke3 Kf6+ 34. Kd2 Rh7 35. Ke3 Re7+ 36. Kd2 g5 37. hxg5+ Kxg5 38. Be2 Rxe2+ 39. Kxe2 Kg4 40. Kf2 f4 41. gxf4 Kxf4 0-1


[Site "https://www.chess.com"]

[Event "Titled Tuesday Blitz April 12 Early 2022"]
[White "Colas, Joshua"]
[Black "Samaganova, Aleksandra"]
[WhiteFideId "2044447"]
[BlackFideId "13800221"]
[WhiteElo "2347"]
[BlackElo "1859"]
[Result "1-0"]
[Round "04"]
[TimeControl "180+1"]
[Date "2022.04.13"]
[WhiteClock "0:00:57"]
[BlackClock "0:00:08"]

1. d4 Nf6 2. c4 e6 3. g3 d5 4. Bg2 Be7 5. Nf3 O-O 6. O-O c5 7. cxd5 Nxd5 8. dxc5 Bxc5 9. Qc2 Qe7 10. a3 a5 11. e4 Nb6 12. Bg5 f6 13. Bd2 Nc6 14. Nc3 a4 15. e5 f5 16. Nb5 Nd7 17. Nc7 Rb8 18. Qxa4 h6 19. Bc3 Bb6 20. Nb5 Nc5 21. Qc4 Ne4 22. Rad1 Rd8 23. Nbd4 Nxc3 24. Nxc6 Ne2+ 25. Qxe2 bxc6 26. Rxd8+ Bxd8 27. Nd4 1-0


[Site "https://www.chess.com"]